 Dungeon Crawl Stone Soup version 0.30-a0-1161-g0704695555 (webtiles) character file.

Game seed: 8771780920408047551

9 retardedninja the Firebug (level 2, -2/20 HPs)
             Began as a Gnoll Fire Elementalist on Apr 27, 2023.
             Slain by a cerulean imp
             ... wielding a +2 spear
             ... summoned by Natasha
              (4 damage)
             ... on level 2 of the Dungeon.
             The game lasted 00:00:49 (1265 turns).

retardedninja the Firebug (Gnoll Fire Elementalist) Turns: 1265, Time: 00:00:49

Health: -2/20      AC:  2    Str:  7    XL:     2   Next: 16%
Magic:  3/7        EV: 13    Int: 14    God:
Gold:   44         SH:  0    Dex: 12    Spells: 9/10 levels left

rFire   . . .        (no weapon)
rCold   . . .        (no shield)
rNeg    . . .        a - +0 robe
rPois   .            (no helmet)
rElec   .            (no cloak)
rCorr   .            (no gloves)
SInv    .            (no boots)
Will    .....        (no amulet)
Stlth   ++           (no ring)
HPRegen 0.23/turn    (no ring)
MPRegen 0.10/turn

%: no passive effects
@: no status effects
A: fangs 1, strong nose, distributed training
a: no special abilities


You were on level 2 of the Dungeon.
You visited 1 branch of the dungeon, and saw 2 of its levels.

You collected 44 gold pieces.

Inventory:

Armour
 a - a +0 robe (worn)
Jewellery
 i - an amulet of magic regeneration
Scrolls
 c - a scroll of poison {unknown}
 k - a scroll of immolation {unknown}
 l - 2 scrolls of identify {unknown}
 m - 2 scrolls of magic mapping {unknown}
Potions
 b - a potion of magic
 d - a potion of heal wounds {unknown}
 e - 2 potions of mutation {unknown}
 f - a potion of might {unknown}
 g - a potion of attraction {unknown}
 h - 3 potions of curing {unknown}
 j - a potion of invisibility {unknown}


   Skills:
 + Level 0.3 Fighting
 + Level 0.3 Short Blades
 + Level 0.3 Long Blades
 + Level 0.3 Axes
 + Level 0.3 Maces & Flails
 + Level 0.3 Polearms
 + Level 0.3 Staves
 + Level 0.3 Ranged Weapons
 + Level 0.3 Throwing
 + Level 0.3 Armour
 + Level 4.4 Dodging
 + Level 4.0 Stealth
 + Level 0.3 Shields
 + Level 0.3 Unarmed Combat
 + Level 4.9 Spellcasting
 + Level 2.0 Conjurations
 + Level 0.2 Hexes
 + Level 0.2 Summonings
 + Level 0.2 Necromancy
 + Level 0.2 Translocations
 + Level 0.2 Transmutations
 + Level 5.3 Fire Magic
 + Level 0.2 Ice Magic
 + Level 0.2 Air Magic
 + Level 0.2 Earth Magic
 + Level 0.2 Poison Magic
 + Level 0.4 Invocations
 + Level 0.3 Evocations


You had 9 spell levels left.
You knew the following spells:

 Your Spells              Type           Power      Damage    Failure   Level
a - Foxfire               Conj/Fire      52%        2x1d6     3%          1

Your spell library contained the following spells:

 Spells                   Type           Power      Damage    Failure   Level
 Scorch                   Fire           36%        2d6       3%          2
 Inner Flame              Hex/Fire       11%        N/A       17%         3
 Volatile Blastmotes      Fire/Tloc      22%        2d11      17%         3
 Flame Wave               Conj/Fire      13%        2d6       36%         4


Dungeon Overview and Level Annotations

Branches:
Dungeon (2/15)

Altars:
Sif Muna

Annotations:
D:2 Natasha


Innate Abilities, Weirdness & Mutations

You have very sharp teeth.
Your uncanny sense of smell can sniff out nearby items.
Your experience applies equally to all skills.


Message History

Key pressed, stopping explore.
Key pressed, stopping explore.
Natasha, Servant of Life and Death comes into view.
Natasha is nearby!
Natasha is nearby!
Natasha is nearby!
You conjure some foxfire!
You conjure some foxfire!
The foxfire hits Natasha.
Natasha is moderately wounded.
Your foxfire dissipates!
The foxfire hits Natasha.
Natasha is moderately wounded.
You conjure some foxfire!
The foxfire hits Natasha.
Natasha is heavily wounded.
You conjure some foxfire!
Natasha casts a spell.
The foxfire hits Natasha.
Natasha is heavily wounded.
Natasha barely misses you.
There is not enough space to conjure foxfire!
Natasha claws you.
You conjure some foxfire!
The cerulean imp hits you but does no damage.
Natasha claws you.
You are too injured to fight recklessly!
The cerulean imp misses you. Natasha barely misses you.
You hit Natasha but do no damage. You bite Natasha.
Natasha is heavily wounded.
The cerulean imp barely misses you. Natasha claws you.
You closely miss Natasha.
Natasha is heavily wounded.
The cerulean imp closely misses you. Natasha casts a spell at you.
The magic dart hits you!
* * * LOW HITPOINT WARNING * * *
You hit Natasha but do no damage.
Natasha is heavily wounded.
The cerulean imp hits you from afar with a +2 spear.
You die...

#.#
#.#
#.#
#.#
##.##
#...#
##.##
#.#
#.#
#v#
#@#
#h#
#5#
#.#
#.#
#.#
#.#
..#


You could see Natasha (ally target) and a cerulean imp (summoned).

Vanquished Creatures
  2 endoplasms
  A goblin (D:1)
  A hobgoblin (D:1)
  2 jackals (D:1)
  A bat (D:1)
  A frilled lizard (D:1)
8 creatures vanquished.

Vanquished Creatures (others)
  50 foxfires
50 creatures vanquished.

Grand Total: 58 creatures vanquished

Notes
Turn   | Place    | Note
-------+----------+-------------------------------------------
     0 | D:1      | retardedninja the Gnoll Fire Elementalist began the quest
                  | for the Orb.
     0 | D:1      | Reached XP level 1. HP: 13/13 MP: 6/6
   658 | D:1      | Reached XP level 2. HP: 19/19 MP: 5/7
  1168 | D:2      | Found a shimmering blue altar of Sif Muna.
  1250 | D:2      | Noticed Natasha
  1265 | D:2      | Slain by a cerulean imp

Illustrated notes

Levels and vault maps discovered:
D:1:      dpeg_arrival_round_b, layout_loops_corners
D:2:      layout_loops_ring, basic_altar, minmay_strange_pillars, uniq_natasha

Skill      XL: |  1 |
---------------+----+-----
Conjurations   | 2 |  2.0
Fighting       | |  0.3
Short Blades   | |  0.3
Long Blades    | |  0.3
Axes           | |  0.3
Maces & Flails | |  0.3
Polearms       | |  0.3
Staves         | |  0.3
Ranged Weapons | |  0.3
Throwing       | |  0.3
Armour         | |  0.3
Dodging        | |  4.4
Stealth        | |  4.0
Shields        | |  0.3
Unarmed Combat | |  0.3
Spellcasting   | |  4.9
Hexes          | |  0.2
Summonings     | |  0.2
Necromancy     | |  0.2
Translocations | |  0.2
Transmutations | |  0.2
Fire Magic     | |  5.3
Ice Magic      | |  0.2
Air Magic      | |  0.2
Earth Magic    | |  0.2
Poison Magic   | |  0.2
Invocations    | |  0.4
Evocations     | |  0.3

Action                     || total
---------------------------++-------
  Melee: Unarmed           ||     3
         Bite              ||     1
   Cast: Foxfire           ||    34
 Armour: Robe              ||     1
  Dodge: Dodged            ||     5

Table legend: (Time is in decaauts)
 A = Elapsed time spent in this place.
 B = Non-inter-level travel time spent in this place.
 C = Inter-level travel time spent in this place.
 D = Time resting spent in this place.
 E = Time spent auto-exploring this place.
 F = Levels seen in this place.
 G = Mean time per level.
                   A        B        C        D        E       F      G
               +--------+--------+--------+--------+--------+-----+--------+
         Total |   1264 |   1229 |     35 |      0 |   1121 |   2 |  632.0 |
       Dungeon |   1264 |   1229 |     35 |      0 |   1121 |   2 |  632.0 |
               +--------+--------+--------+--------+--------+-----+--------+

Top non-repeatable levels by time:
     D:1: 1101 daAuts
     D:2: 163 daAuts
